Map: Ephemeron LE

Players

Ratl

  • Race: Protoss Protoss
  • League: Silver
  • Spawn Location: 5:00

robicheaux - Winner!

  • Race: Terran Terran
  • League: Gold
  • Spawn Location: 11:00

VOD

Have the link to the VOD?

Description

Time

  • Played on: Jan. 15, 2020, 12:42 p.m.
  • Length: 9:10
Show
View Real Time Build Order
Export as new Build Order

Ratl Protoss 

Build Orders: Double Forge 

Get SALT Encoding   

  12  0:01  Probe  
  13  0:14  Probe  
  14  0:18  Pylon  
  14  0:26  Probe  
  15  0:38  Probe  
  16  0:43  Gateway  
  16  0:50  Probe  
  17  1:02  Probe  
  17  1:04  Assimilator  
  18  1:12  Gateway  
  18  1:14  Probe  
  19  1:19  Assimilator  
  19  1:26  Probe  
  20  1:38  Probe  
  20  1:39  Cybernetics Core  
  21  1:50  Probe (Chrono Boost)  
  22  2:02  Probe (Chrono Boost)  
  23  2:17  Warp Gate (Chrono Boost)  
  23  2:20  Pylon x2  
  23  2:37  Nexus  
  23  2:38  Probe  
  23  2:39  Stalker (Chrono Boost)  
  26  2:50  Probe  
  29  2:55  Stalker (Chrono Boost)  
  27  3:08  Probe  
  28  3:20  Probe  
  29  3:32  Probe  
  30  3:34  Robotics Facility  
  30  3:40  Robotics Facility  
  30  3:44  Probe  
  31  3:50  Gateway  
  31  3:56  Probe x2  
  33  4:08  Probe (Chrono Boost)  
  35  4:14  Probe (Chrono Boost), Pylon  
  36  4:18  Probe (Chrono Boost)  
  36  4:20  Stalker x2  
  36  4:22  Probe (Chrono Boost)  
  41  4:25  Immortal  
  41  4:27  Observer  
  46  4:36  Probe x2  
  48  4:45  Forge  
  48  4:48  Probe x2  
  48  4:50  Forge  
  50  5:00  Probe x2  
  50  5:03  Stalker  
  50  5:04  Assimilator  
  50  5:06  Assimilator, Stalker  
  56  5:18  Protoss Ground Armor Level 1 (Chrono Boost)  
  56  5:19  Protoss Ground Weapons Level 1 (Chrono Boost)  
  56  5:20  Probe x2  
  58  5:31  Robotics Bay  
  58  5:32  Probe x2  
  58  5:33  Pylon  
  60  5:37  Stalker  
  62  5:51  Probe  
  62  5:52  Pylon  
  63  5:58  Probe  
  63  6:00  Stalker x2  
  63  6:01  Pylon, Stalker  
  63  6:03  Probe  
  68  6:10  Probe  
  64  6:33  Stalker  
  64  6:34  Stalker x2  
  64  6:37  Photon Cannon  
  70  6:43  Probe  
  70  6:44  Photon Cannon  
  70  6:47  Extended Thermal Lance (Chrono Boost)  
  71  6:50  Probe  
  71  6:53  Immortal  
  76  6:55  Probe  
  77  7:06  Probe  
  77  7:07  Probe  
  79  7:09  Stalker  
  81  7:24  Probe  
  81  7:25  Twilight Council  
  81  7:27  Probe  
  83  7:36  Probe  
  84  7:44  Warp Prism (Chrono Boost)  
  86  8:20  Pylon  
  86  8:23  Pylon  
  86  8:28  Pylon  
  90  8:46  Pylon  
  90  8:47  Pylon  
  70  9:02  Stalker x3  
Show
View Real Time Build Order
Export as new Build Order

robicheaux Terran - Winner!

Build Orders:  

Get SALT Encoding   

  12  0:01  SCV  
  13  0:17  SCV, Supply Depot  
  14  0:29  SCV  
  15  0:40  Barracks  
  15  0:41  SCV  
  16  0:47  Refinery  
  16  0:54  SCV  
  17  1:06  SCV  
  18  1:18  SCV, Supply Depot  
  19  1:30  SCV  
  20  1:36  Reaper  
  21  1:42  Barracks  
  21  1:45  Orbital Command  
  21  2:03  Refinery  
  21  2:14  Factory  
  21  2:15  SCV  
  22  2:26  Engineering Bay  
  22  2:28  SCV  
  23  2:30  Marine  
  23  2:31  Marine  
  25  2:39  Barracks  
  25  2:40  SCV  
  26  2:52  SCV  
  27  3:17  SCV, Factory Reactor  
  27  3:20  Starport  
  27  3:21  Barracks Tech Lab  
  27  3:27  Barracks  
  27  3:28  Terran Infantry Weapons Level 1  
  27  3:38  Barracks Tech Lab  
  27  3:45  Barracks Tech Lab  
  27  3:50  SCV  
  27  3:55  Barracks Reactor  
  28  4:02  SCV  
  29  4:04  Command Center  
  29  4:08  Liberator  
  29  4:19  Supply Depot  
  32  4:33  Stimpack  
  32  4:45  Barracks Reactor  
  32  4:49  SCV  
  33  5:03  Widow Mine  
  35  5:11  SCV  
  35  5:13  Combat Shield  
  36  5:14  Marine  
  36  5:15  Marine x3  
  36  5:19  SCV  
  41  5:22  Medivac  
  41  5:23  SCV  
  44  5:31  SCV  
  44  5:32  Marine x2  
  47  5:59  SCV x2  
  49  6:05  Marine x5  
  49  6:07  Terran Infantry Armor Level 1  
  49  6:10  Armory  
  54  6:11  SCV x2  
  54  6:15  Refinery  
  54  6:16  Refinery  
  56  6:23  SCV  
  56  6:25  SCV  
  55  6:32  Concussive Shells  
  55  6:34  Marauder x2  
  55  6:35  Marine x2, SCV  
  62  6:42  Supply Depot  
  62  6:43  Supply Depot x2  
  62  6:48  Orbital Command  
  62  7:03  Marine x2  
  62  7:04  Marauder  
  62  7:05  Engineering Bay  
  66  7:20  SCV  
  66  7:22  SCV, Barracks Reactor  
  68  7:38  Command Center  
  68  7:41  Marine x4  
  72  7:51  Medivac x2  
  76  7:58  Barracks Reactor  
  76  7:59  Marine x4  
  76  8:00  Factory  
  76  8:02  Marine x2  
  82  8:10  SCV x2  
  84  8:17  Marine  
Tags
 
Add a new tag
Caveats
  • Supply blocks, unpowered buildings, or Contaminate may cause inaccurate times.
  • Supply counts are checked every 10 seconds.